 Dungeon Crawl Stone Soup version 0.23.2-40-g277498a001 (webtiles) character file.

Game seed: 7547859694097175937

54565 Iskender the Basher (level 14, 0/75 HPs)
             Began as a Gargoyle Chaos Knight on Oct 17, 2019.
             Was a Plaything of Xom.
             Slain by an orc warrior
             ... wielding a +0 broad axe
              (14 damage)
             ... on level 1 of the Orcish Mines on Oct 19, 2019.
             The game lasted 02:39:20 (18186 turns).

Iskender the Basher (Gargoyle Chaos Knight)        Turns: 18186, Time: 02:39:22

Health: 0/75       AC: 25    Str: 19    XL:     14   Next: 73%
Magic:  13/20      EV: 34    Int: 14    God:    Xom [..*...]
Gold:   670        SH:  0    Dex: 13    Spells: 6/22 levels left

rFire    + . .     SeeInvis +   a - +4 whip (elec)
rCold    + . .     Gourm    .   (no shield)
rNeg     + . .     Faith    .   l - +3 scale mail of Virtue {rF+ SInv}
rPois    ∞         Spirit   .   (no helmet)
rElec    +         Reflect  .   X - +0 cloak {MR+}
rCorr    .         Harm     .   P - +1 pair of gloves {Str+3}
MR       ++...                  (no boots)
Stlth    ++........             Q - amulet of the acrobat
HPRegen  0.22/turn              t - +5 ring of evasion
MPRegen  0.17/turn              w - ring of wizardry

@: marked, acrobat, flying, very slightly contaminated
A: big wings, talons 2, cold resistance 1, frail 1, negative energy resistance
1, electricity resistance, wild magic 1, unbreathing, petrification resistance,
rot immunity, AC +10
a: Stop Flying, Renounce Religion


You were on level 1 of the Orcish Mines.
You worshipped Xom.
You were a toy of Xom.
You were not hungry.

You visited 4 branches of the dungeon, and saw 17 of its levels.
You visited the Abyss 1 time.
You also visited: Sewer, Gauntlet and Ice Cave.

You collected 969 gold pieces.
You spent 299 gold pieces at shops.

Inventory:

Hand Weapons
 a - a +4 whip of electrocution (weapon)
 b - a +4 trident of venom
 v - a +0 blowgun
 B - a +1 whip of flaming
 Y - a +2 war axe of draining
Missiles
 I - a throwing net (quivered)
 M - 6 javelins of penetration
 O - 6 curare-tipped needles
Armour
 f - a +2 chain mail of fire resistance
 l - the +3 scale mail of Virtue (worn) {rF+ SInv}
   (You found it in an ice cave)

   It protects you from fire.
   It lets you see invisible.
 y - a +1 chain mail of cold resistance
 P - a +1 pair of gloves of strength (worn)
 W - the +3 warlock's mirror {reflect}
   (You found it on level 12 of the Dungeon)
 X - a +0 cloak of magic resistance (worn)
Jewellery
 e - an uncursed amulet of guardian spirit
 s - an uncursed ring of see invisible
 t - a +5 ring of evasion (left hand)
 w - a ring of wizardry (right hand)
 Q - an amulet of the acrobat (around neck)
 S - a +3 ring of evasion
 V - an uncursed amulet of rage
Wands
 C - a wand of flame (19)
 E - a wand of disintegration (17)
 K - a wand of polymorph (8)
 N - a wand of scattershot (4)
 T - a wand of iceblast (27)
Scrolls
 g - 4 scrolls of enchant armour {unknown}
 h - 6 scrolls of remove curse
 k - 9 scrolls of amnesia
 o - 9 scrolls of enchant weapon
 q - 3 scrolls of immolation {unknown}
 x - 8 scrolls of teleportation
 z - 2 scrolls of magic mapping
 F - 4 scrolls of fog
 J - 2 scrolls of vulnerability
 R - a scroll of silence
 U - a scroll of holy word
 Z - a scroll of blinking
Potions
 d - a potion of cancellation {unknown}
 i - 2 potions of magic {unknown}
 j - 3 potions of haste
 n - a potion of curing
 p - 2 potions of might {unknown}
 r - a potion of resistance
 u - a potion of brilliance
 D - 4 potions of heal wounds
 G - 3 potions of berserk rage {unknown}
 H - a potion of ambrosia
 L - 2 potions of mutation {unknown}
Miscellaneous
 m - a lightning rod (1/4)
Comestibles
 c - 15 rations
 A - 3 chunks of flesh


   Skills:
 - Level 8.0 Fighting
 - Level 7.5(11.3) Axes
 - Level 11.0(12.0) Maces & Flails
 - Level 9.2(10.3) Polearms
 + Level 9.8 Armour
 - Level 8.2 Dodging
 - Level 6.1 Stealth
 - Level 4.4 Shields
 - Level 4.6 Spellcasting
 - Level 3.9 Conjurations
 - Level 1.6 Charms
 - Level 1.4 Necromancy
 - Level 2.0 Fire Magic
 - Level 1.6 Poison Magic


You had 6 spell levels left.
You knew the following spells:

 Your Spells              Type           Power        Failure   Level  Hunger
c - Regeneration          Chrm/Necr      #.........   32%         3    ###....
d - Conjure Flame         Conj/Fire      ###.....     21%         3    ###....
n - Animate Skeleton      Necr           N/A          14%         1    None
s - Swiftness             Chrm/Air       #.......     24%         2    ##.....
A - Apportation           Tloc           #.....       22%         1    None
C - Mephitic Cloud        Conj/Pois/Air  ##......     30%         3    ###....
X - Searing Ray           Conj           ###...       8%          2    ##.....
Z - Summon Small Mammal   Summ           #...         22%         1    None

Your spell library contained the following spells:

 Spells                   Type           Power        Failure   Level  Hunger
 Magic Dart               Conj           ###.         5%          1    None
 Sting                    Conj/Pois      ##..         9%          1    None
 Shock                    Conj/Air       ##..         12%         1    None
 Pain                     Necr           #...         14%         1    None
 Throw Frost              Conj/Ice       ##....       16%         2    ##.....
 Confusing Touch          Hex            #.....       22%         1    None
 Summon Butterflies       Summ           #.......     22%         1    None
 Static Discharge         Conj/Air       ##......     30%         3    ###....
 Passwall                 Tmut/Erth      #.......     32%         2    ##.....
 Vampiric Draining        Necr           #.........   34%         3    ###....
 Call Canine Familiar     Summ           #.......     52%         3    ###....
 Lesser Beckoning         Tloc           #.........   52%         3    ###....
 Tukima's Dance           Hex            #.......     52%         3    ###....
 Animate Dead             Necr           N/A          71%         4    ####...
 Iskenderun's Battlesphe  Conj/Chrm      ##......     85%         5    ######.
 Airstrike                Air            #.........   88%         4    ####...
 Leda's Liquefaction      Hex/Erth       #.........   88%         4    ####...
 Passage of Golubria      Tloc           N/A          88%         4    ####...
 Summon Ice Beast         Ice/Summ       #.......     88%         4    ####...
 Bolt of Magma            Conj/Fire/Erth ##........   92%         5    ######.
 Lightning Bolt           Conj/Air       ##........   92%         5    ######.
 Alistair's Intoxication  Tmut/Pois      #.......     98%         5    ######.
 Lee's Rapid Deconstruct  Erth           #.........   99%         5    ######.
 Summon Demon             Summ           #.........   99%         5    ######.
 Summon Mana Viper        Hex/Summ       #.......     99%         5    ######.
 Darkness                 Hex            #.........   100%        6    #######
 Invisibility             Hex            #.......     100%        6    #######
 Iron Shot                Conj/Erth      ##........   100%        6    #######
 Orb of Destruction       Conj           ###.......   100%        7    #######
 Summon Hydra             Summ           #.........   100%        7    #######
 Shatter                  Erth           #.........   100%        9    #######
 Statue Form              Tmut/Erth      Unusable     N/A         6    N/A

Dungeon Overview and Level Annotations

Branches:
Dungeon (13/15)            Temple (1/1) D:5            Lair (1/6) D:10
    Orc (2/2) D:12
    Elf: Orc:2       Vaults: D:13-14

Altars:
Ashenzari
Cheibriados
Dithmenos
Elyvilon
Fedhas
Gozag
Hepliaklqana
Kikubaaqudgha
Makhleb
Nemelex Xobeh
Okawaru
Qazlal
Ru
Sif Muna
Trog
Uskayaw
Vehumet
Wu Jian
Xom
Yredelemnul
Zin
The Shining One

Shops:
D:7 (   D:8 [   D:12 (

Annotations:
D:3 Grinder
D:8 2 transporters, Alannah's ghost, novice DsHu; Maurice; Psyche
Lair:1 !


Innate Abilities, Weirdness & Mutations

You are resistant to torment.
Your stone body is resilient. (AC +10)
You are immune to poison.
Your large and strong wings let you fly indefinitely.
You resist negative energy. (rN+)
You are resistant to electric shocks. (rElec)
You can survive without breathing.
You are immune to petrification.
You are immune to rotting.
You have razor-sharp toenails.
Your flesh is cold resistant. (rC+)
You are frail. (-10% HP)
Your spells are a little harder to cast, but a little more powerful.


Message History

The orc warrior completely misses you.
There is a stone staircase leading up here.
Okay, then.
Press: ? - help, v - describe, . - travel
Here: a stone giant The floor.
Unknown command.
The orc high priest prays.
The orc high priest closely misses you. The orc warrior barely misses you.
The stone giant throws a large rock.
The large rock hits you!!!
Ouch! That really hurt!
The orc warrior barely misses you. x2
You fly upwards.
There is a stone staircase leading down here.
The orc high priest calls down the wrath of Beogh upon you.
Beogh smites you!
* * * LOW HITPOINT WARNING * * *
The orc warrior hits you with a +0 broad axe!
You die...
Xom titters!

### ### ###.###.##
##....#...#
####....###.###
##.###.......#.####
#....###........#.##
##.....#....[#)#...#
##........)[.[###..##
#.......)[...@.#....#
##..........o..)....#
##..........>o......#
##..................##
#......#............#
##.##.#.#[..........##
#####[.[#...........#
##.#....#......##
##..............#


You could see an orc high priest and an orc warrior.

Vanquished Creatures
  An orc warlord (Orc:1)
  A minotaur (shapeshifter) (D:13)
  A minotaur (Gauntlet)
  2 hydras (D:13)
  Sonja (D:10)
  A centaur warrior (D:13)
  2 two-headed ogres
  2 thrashing horrors (Abyss:2)
  Urug (D:12)
  Nergalle (D:12)
  5 wizards
  A spatial maelstrom (Abyss:2)
  4 unseen horrors
  A glowing orange brain (Abyss:2)
  A swamp dragon (IceCv)
  2 starcursed masses (Abyss:2)
  An orc knight (Orc:1)
  A worldbinder (Abyss:2)
  An oklob plant (D:10)
  An ugly thing (D:12)
  A manticore (D:11)
  A guardian serpent (Abyss:2)
  4 ice statues (IceCv)
  An apocalypse crab (Abyss:2)
  A centaur zombie (D:9)
  An orange demon (Abyss:2)
  2 gargoyles
  A yaktaur (shapeshifter) (D:5)
  A rime drake (Gauntlet)
  7 ice devils (IceCv)
  4 ancient zymes (Abyss:2)
  2 trolls
  A large abomination (Abyss:2)
  2 hippogriffs
  A raiju (Gauntlet)
  A spriggan (shapeshifter) (D:13)
  A shadow (D:10)
  A spriggan (D:7)
  A wraith (D:13)
  8 yaks
  A wyvern (D:10)
  4 vampire mosquitoes (D:13)
  A fire bat (D:8)
  2 hungry ghosts
  A fire elemental (D:10)
  13 orc warriors
  3 sky beasts
  Purgy (Sewer)
  2 ice beasts
  A black bear (D:8)
  2 phantoms
  An eye of draining (D:10)
  4 ogres
  A necrophage (D:10)
  A crocodile (D:13)
  4 big kobolds
  6 bullfrogs
  5 small abominations (Abyss:2)
  A wyvern skeleton (D:13)
  4 killer bees (D:10)
  4 scorpions
  3 howler monkeys
  An electric eel (D:13)
  2 crimson imps
  2 bullfrog zombies
  5 draconian simulacra (IceCv)
  3 hounds
  9 orc wizards
  7 orc priests
  4 centaur skeletons
  5 jellies
  2 bullfrog skeletons
  Ijyb (D:4)
  An iguana (D:11)
  Natasha (thrice) (D:2)
  2 troll simulacra (IceCv)
  9 worker ants
  2 lightning spires (Gauntlet)
  A centaur simulacrum (IceCv)
  A hound skeleton (D:6)
  3 gnolls (D:7)
  11 adders
  A howler monkey skeleton (D:7)
  An ogre simulacrum (IceCv)
  6 shadow imps
  3 white imps
  An ufetubus (Abyss:2)
  2 oozes (D:3)
  An adder zombie (D:7)
  An adder skeleton (D:5)
  3 worms
  4 leopard geckos
  32 orcs
  4 ball pythons
  5 giant cockroaches
  8 goblins
  9 hobgoblins
  8 jackals
  26 kobolds
  7 quokkas
  4 bats
  7 frilled lizards
  A jackal zombie (D:7)
  7 rats
  4 plants (D:10)
357 creatures vanquished.

Vanquished Creatures (collateral kills)
  A rust devil (Abyss:2)
  4 yaks
  A necrophage (D:10)
  A bullfrog (D:9)
  An orc priest (D:3)
  An ogre simulacrum (IceCv)
  2 worms (D:3)
  A leopard gecko (D:3)
  2 orcs (D:3)
  A goblin (D:3)
  A quokka (D:3)
  2 kobolds (D:10)
  3 rats (D:3)
21 creatures vanquished.

Vanquished Creatures (others)
  A yak (D:10)
  A hound (D:4)
  3 fungi (Gauntlet)
  A lurking horror (Abyss:2)
  9 plants (Gauntlet)
15 creatures vanquished.

Grand Total: 393 creatures vanquished

Notes
Turn   | Place    | Note
-------+----------+-------------------------------------------
     0 | D:1      | Iskender the Gargoyle Chaos Knight began the quest for the
                  | Orb.
     0 | D:1      | Reached XP level 1. HP: 14/14 MP: 1/1
    31 | D:1      | Reached skill level 1 in Stealth
   153 | D:1      | Reached XP level 2. HP: 19/19 MP: 2/2
   257 | D:1      | XOM: harmless Conj miscast
   502 | D:1      | XOM: silly message
   645 | D:2      | Reached XP level 3. HP: 22/23 MP: 3/3
   680 | D:2      | XOM: harmless Tmut miscast
   887 | D:2      | Noticed Natasha
   899 | D:2      | Killed Natasha
   899 | D:2      | Reached XP level 4. HP: 18/28 MP: 1/4
  1024 | D:2      | Noticed Natasha
  1026 | D:2      | Found an ancient bone altar of Kikubaaqudgha.
  1053 | D:2      | Killed Natasha
  1085 | D:2      | Noticed Natasha
  1088 | D:2      | Killed Natasha
  1088 | D:2      | Reached XP level 5. HP: 23/32 MP: 5/5
  1356 | D:3      | XOM: summons friendly ufetubus
  1360 | D:3      | XOM: summons friendly iron imp
  1408 | D:3      | Noticed a moth of wrath
  1444 | D:3      | Noticed Grinder
  1495 | D:3      | Found a bloodstained altar of Trog.
  1580 | D:3      | XOM: polymorph worm -> jelly
  1594 | D:3      | Reached skill level 5 in Polearms
  1857 | D:4      | Reached XP level 6. HP: 31/37 MP: 3/6
  1890 | D:4      | Noticed Ijyb
  1909 | D:4      | Killed Ijyb
  1976 | D:4      | XOM: confuse monster(s)
  2004 | D:4      | Found a glowing drain.
  2019 | Sewer    | Entered a sewer
  2092 | Sewer    | Noticed Purgy
  2118 | Sewer    | XOM: medium Tmut miscast
  2239 | Sewer    | XOM: enchant monster (bad)
  2241 | Sewer    | XOM: enchant monster (bad)
  2252 | Sewer    | XOM: smoke on damage
  2332 | Sewer    | XOM: mild Hex miscast
  2515 | Sewer    | XOM: medium Tmut miscast
  2528 | Sewer    | Killed Purgy
  2755 | D:4      | XOM: give mutations
  2755 | D:4      | Gained mutation: You expend magic power (3 MP) to
                  | strengthen your wands. [Xom's grace]
  2755 | D:4      | Gained mutation: Your flesh is cold resistant. (rC+) [Xom's
                  | grace]
  2755 | D:4      | Gained mutation: Your movements are slightly less
                  | encumbered by armour. (ER -2) [Xom's grace]
  2804 | D:4      | Reached XP level 7. HP: 41/41 MP: 7/7
  3145 | D:4      | Found a basalt altar of Yredelemnul.
  3234 | D:5      | Entered Level 5 of the Dungeon
  3314 | D:5      | XOM: chaos upgrade
  3361 | D:5      | Found a staircase to the Ecumenical Temple.
  3370 | Temple   | Entered the Ecumenical Temple
  3543 | D:5      | XOM: butterfly on damage
  3559 | D:5      | XOM: cast spell 'Leda's Liquefaction'
  3626 | D:5      | Noticed a shapeshifter
  3626 | D:5      | an orc wizard changed into a shapeshifter
  3626 | D:5      | XOM: polymorph orc wizard -> shapeshifter
  3626 | D:5      | Noticed a yaktaur
  3626 | D:5      | a shapeshifter changed into a yaktaur
  3633 | D:5      | XOM: confuse monster(s)
  3641 | D:5      | Killed a yaktaur
  3641 | D:5      | Reached XP level 8. HP: 39/46 MP: 2/8
  3656 | D:5      | Identified the Papyrus of Conjuration
  3662 | D:5      | Learned a level 3 spell: Conjure Flame
  3670 | D:5      | XOM: harmless Tmut miscast
  4017 | D:5      | XOM: noise
  4148 | D:6      | XOM: harmless Tmut miscast
  4302 | D:6      | XOM: scenery: create altars
  4316 | D:6      | Reached skill level 1 in Conjurations
  4316 | D:6      | Reached skill level 1 in Fire Magic
  4393 | D:6      | Reached skill level 1 in Spellcasting
  4459 | D:6      | Found an opulent altar of Gozag.
  4476 | D:6      | XOM: enchant monster (good)
  4617 | D:6      | XOM: harmless Conj miscast
  4624 | D:6      | XOM: enchant monster (good)
  4779 | D:7      | Noticed a spriggan baker
  4826 | D:7      | XOM: medium Erth miscast
  4828 | D:7      | XOM: summons 2 hostile demons
  4860 | D:7      | XOM: 2-stop teleportation journey
  4860 | D:7      | Noticed a hippogriff
  4862 | D:7      | XOM: enchant monster (good)
  4888 | D:7      | Killed a hippogriff
  4911 | D:7      | Learned a level 3 spell: Mephitic Cloud
  5003 | D:7      | XOM: smoke on damage
  5028 | D:7      | XOM: noise
  5030 | D:7      | XOM: swap monsters
  5036 | D:7      | Reached skill level 1 in Poison Magic
  5036 | D:7      | Reached XP level 9. HP: 48/51 MP: 6/13
  5121 | D:7      | Found a sparkling altar of Nemelex Xobeh.
  5139 | D:7      | Found a burning altar of Makhleb.
  5139 | D:7      | Found a radiant altar of Vehumet.
  5401 | D:7      | Found Qeahos's Antique Weapon Shoppe.
  5725 | D:7      | XOM: give mutations
  5725 | D:7      | Lost mutation: You expend magic power (3 MP) to strengthen
                  | your wands. [Xom's mischief]
  5910 | D:7      | XOM: mild Air miscast
  6170 | D:8      | Noticed Maurice
  6206 | D:8      | Reached skill level 1 in Dodging
  6475 | D:8      | XOM: polymorph bullfrog -> fire bat
  6525 | D:8      | Found a transporter.
  6525 | D:8      | Noticed Alannah's ghost (novice DsHu)
  6562 | D:8      | XOM: polymorph orc -> howler monkey
  6609 | D:7      | XOM: give mutations
  6609 | D:7      | Gained mutation: You are frail. (-10% HP) [Xom's mischief]
  6609 | D:7      | Gained mutation: You are weak. (Str -2) [Xom's mischief]
  6609 | D:7      | Gained mutation: You occasionally shout uncontrollably at
                  | your foes. [Xom's mischief]
  6655 | D:7      | Bought a smoking battleaxe for 299 gold pieces
  6655 | D:7      | Identified the +6 battleaxe of the Coward {antimagic, rF-
                  | rC+ Int+3 Stlth+} (You bought it in a shop on level 7 of
                  | the Dungeon)
  6774 | D:8      | Learned a level 1 spell: Apportation
  6776 | D:8      | Learned a level 1 spell: Animate Skeleton
  6778 | D:8      | Learned a level 1 spell: Summon Small Mammal
  6781 | D:8      | Learned a level 2 spell: Swiftness
  6785 | D:8      | Found Qiuno's Antique Armour Shoppe.
  6814 | D:8      | Found a transporter.
  7005 | D:8      | XOM: severe Air miscast
  7024 | D:8      | Noticed Psyche
  7113 | D:8      | XOM: divination: magic mapping
  7146 | D:8      | XOM: god gift: 15 arrows
  7168 | D:9      | XOM: enchant monster (good)
  7174 | D:9      | XOM: 2-stop teleportation journey
  7229 | D:9      | XOM: summons 6 friendly demons
  7234 | D:9      | Reached skill level 1 in Axes
  7287 | D:9      | XOM: destruction
  7288 | D:9      | XOM: summons 7 friendly demons
  7299 | D:9      | Reached XP level 10. HP: 36/50 MP: 10/14
  7337 | D:9      | XOM: fog
  7345 | D:9      | XOM: summons friendly quasit
  7659 | D:9      | XOM: give mutations
  7659 | D:9      | Gained mutation: You have sharp toenails. [Xom's grace]
  7659 | D:9      | Gained mutation: You have razor-sharp toenails. [Xom's
                  | grace]
  7659 | D:9      | Gained mutation: You are agile. (Dex +2) [Xom's grace]
  7659 | D:9      | Gained mutation: Your large and strong wings let you fly
                  | indefinitely. [Xom's grace]
  7728 | D:9      | XOM: cloud trail
  7803 | D:10     | Entered Level 10 of the Dungeon
  7844 | D:10     | Found a staircase to the Lair.
  7877 | D:10     | Reached skill level 5 in Axes
  7883 | D:10     | XOM: summons friendly shadow imp
  7892 | D:10     | Noticed Sonja
  7908 | D:10     | XOM: enchant monster (good)
  7943 | D:10     | Killed Sonja
  7945 | D:10     | Noticed a two-headed ogre
  7947 | D:10     | XOM: summons 5 hostile demons
  7959 | D:10     | XOM: enchant monster (bad)
  7962 | D:10     | XOM: harmless Fire miscast
  7989 | D:10     | XOM: cleaving
  7999 | D:10     | XOM: harmless Summ miscast
  8011 | D:10     | Killed a two-headed ogre
  8404 | D:10     | Reached skill level 5 in Fighting
  8563 | D:10     | XOM: cast spell 'Summon Ice Beast'
  8591 | D:10     | Reached skill level 1 in Maces & Flails
  8591 | D:10     | Reached XP level 11. HP: 46/57 MP: 12/15
  8639 | D:10     | XOM: 1-stop teleportation journey
  8640 | D:10     | XOM: blink monster(s)
  8652 | D:10     | Reached skill level 2 in Maces & Flails
  8666 | D:10     | Noticed an oklob plant
  8703 | D:10     | Reached skill level 3 in Maces & Flails
  8748 | D:10     | XOM: give mutations
  8748 | D:10     | Lost mutation: Your movements are slightly less encumbered
                  | by armour. (ER -2) [Xom's mischief]
  8748 | D:10     | Lost mutation: You are weak. (Str -2) [Xom's mischief]
  8848 | D:10     | XOM: medium Tloc miscast
  8909 | D:10     | XOM: enchant monster (good)
  8939 | D:10     | XOM: noise
  8942 | D:10     | Noticed an unseen horror
  8945 | D:10     | XOM: enchant monster (good)
  8955 | D:10     | Killed an unseen horror
  8955 | D:10     | Reached skill level 4 in Maces & Flails
  8955 | D:10     | XOM: summons friendly iron imp
  8992 | D:10     | Reached skill level 5 in Maces & Flails
  9049 | D:10     | XOM: cleaving
  9064 | D:10     | XOM: scenery: create altars
  9070 | D:10     | XOM: fake destruction
  9086 | D:10     | Reached skill level 6 in Maces & Flails
  9161 | D:10     | Killed an oklob plant
  9280 | Lair:1   | XOM: noise
  9280 | Lair:1   | Entered Level 1 of the Lair of Beasts
  9280 | Lair:1   | Noticed an eight-headed hydra
  9295 | Lair:1   | XOM: fake destruction
  9299 | D:10     | XOM: cleaving
  9392 | D:10     | XOM: give mutations
  9392 | D:10     | Lost mutation: You occasionally shout uncontrollably at
                  | your foes. [Xom's mischief]
  9392 | D:10     | Lost mutation: You are agile. (Dex +2) [Xom's mischief]
  9480 | D:11     | Noticed a manticore
  9482 | D:11     | XOM: confuse monster(s)
  9488 | D:11     | XOM: confuse monster(s)
  9496 | D:11     | Killed a manticore
  9553 | D:11     | Noticed an unseen horror
  9567 | D:11     | Killed an unseen horror
  9567 | D:11     | Reached skill level 7 in Maces & Flails
  9653 | D:11     | XOM is BORED!
  9653 | D:11     | XOM: mild Erth miscast
  9684 | D:11     | Found a frozen archway.
  9709 | IceCv    | Entered an ice cave
  9907 | IceCv    | XOM: blink monster(s)
 10215 | IceCv    | XOM: give mutation
 10215 | IceCv    | Gained mutation: Your spells are a little harder to cast,
                  | but a little more powerful. [Xom's mischief]
 10219 | IceCv    | XOM: polymorph ice beast -> wolf
 10644 | IceCv    | XOM: blink monster(s)
 10650 | IceCv    | XOM: harmless Erth miscast
 10704 | IceCv    | XOM: 1-stop teleportation journey
 10720 | IceCv    | XOM: divine lightning
 10782 | IceCv    | XOM: confuse monster(s)
 10818 | IceCv    | XOM: scenery: 1 doors close
 10822 | IceCv    | Reached skill level 8 in Maces & Flails
 10841 | IceCv    | XOM: 1-stop teleportation journey
 11002 | IceCv    | XOM: confuse monster(s)
 11004 | IceCv    | XOM: mild Hex miscast
 11018 | IceCv    | XOM: cast spell 'Monstrous Menagerie'
 11098 | IceCv    | XOM: blink monster(s)
 11110 | IceCv    | XOM: confuse monster(s)
 11111 | IceCv    | XOM: noise
 11314 | IceCv    | XOM: summons friendly ufetubus
 11325 | IceCv    | Reached skill level 9 in Maces & Flails
 11622 | IceCv    | XOM: divination: detect items
 11973 | IceCv    | Learned a level 2 spell: Searing Ray
 11996 | IceCv    | XOM: smoke on damage
 12238 | IceCv    | XOM: scenery: 11 doors close
 12276 | IceCv    | Noticed a glowing shapeshifter
 12276 | IceCv    | an ice beast changed into a glowing shapeshifter
 12276 | IceCv    | XOM: polymorph ice beast -> glowing shapeshifter
 12276 | IceCv    | Noticed a faun
 12276 | IceCv    | a glowing shapeshifter changed into a faun
 12277 | IceCv    | Noticed a manticore
 12277 | IceCv    | a faun changed into a manticore
 12278 | IceCv    | a manticore changed into a redback
 12286 | IceCv    | Noticed a fire crab
 12286 | IceCv    | a redback changed into a fire crab
 12287 | IceCv    | Noticed a swamp dragon
 12287 | IceCv    | a fire crab changed into a swamp dragon
 12289 | IceCv    | XOM: 4-stop teleportation journey
 12294 | IceCv    | a swamp dragon changed into a komodo dragon
 12406 | IceCv    | XOM: scenery: create altars
 12750 | IceCv    | XOM: 1-stop teleportation journey
 12822 | IceCv    | XOM: destruction
 12847 | IceCv    | XOM: enchant monster (good)
 12853 | IceCv    | Reached XP level 12. HP: 32/63 MP: 8/16
 12877 | IceCv    | XOM: harmless Necr miscast
 13017 | IceCv    | XOM: god gift: scroll of teleportation
 13020 | IceCv    | XOM: cleaving
 13110 | IceCv    | XOM: polymorph necromancer -> swamp dragon
 13111 | IceCv    | XOM: summons 4 friendly demons
 13117 | IceCv    | Reached skill level 10 in Maces & Flails
 13156 | IceCv    | XOM: divination: detect items
 13305 | IceCv    | XOM: mild Tloc miscast
 13377 | IceCv    | XOM: divination: detect items
 13728 | IceCv    | Got a garnet-encrusted scale mail
 13770 | IceCv    | Identified the +3 scale mail of Virtue {rF+ SInv} (You
                  | found it in an ice cave)
 14140 | D:11     | XOM: fake destruction
 14545 | D:12     | Found a staircase to the Orcish Mines.
 14593 | D:12     | Noticed Urug
 14606 | D:12     | XOM: fog
 14624 | D:12     | XOM: 1-stop teleportation journey
 14674 | D:12     | Reached skill level 11 in Maces & Flails
 14771 | D:12     | Killed Urug
 14857 | D:12     | Found Jatunal's Weapon Shoppe.
 14907 | D:12     | Noticed Nergalle
 14919 | D:12     | Killed Nergalle
 15056 | D:12     | Found the +3 warlock's mirror {reflect}
 15127 | D:12     | Cast into level 2 of the Abyss (a wizard)
 15127 | Abyss:2  | Found a corrupted altar of Lugonu.
 15180 | Abyss:2  | Noticed a thrashing horror
 15180 | Abyss:2  | Noticed a thrashing horror
 15191 | Abyss:2  | XOM: summons friendly iron imp
 15200 | Abyss:2  | XOM: confuse monster(s)
 15201 | Abyss:2  | XOM: cleaving
 15215 | Abyss:2  | Killed a thrashing horror
 15221 | Abyss:2  | Killed a thrashing horror
 15498 | Abyss:2  | Reached skill level 5 in Armour
 15512 | Abyss:2  | Reached skill level 5 in Stealth
 15598 | Abyss:2  | Noticed a starcursed mass
 15606 | Abyss:2  | XOM: divine lightning
 15607 | Abyss:2  | XOM: cast spell 'Summon Ice Beast'
 15613 | Abyss:2  | Killed a starcursed mass
 15613 | Abyss:2  | Reached XP level 13. HP: 25/70 MP: 7/17
 15615 | Abyss:2  | Reached skill level 5 in Dodging
 15626 | Abyss:2  | XOM: scenery: create altars
 15646 | Abyss:2  | Found a shimmering altar of Xom.
 15685 | D:12     | Escaped the Abyss
 15686 | D:12     | XOM: scenery: create altars
 15757 | D:12     | XOM: give mutation
 15757 | D:12     | Lost mutation: Your flesh is cold resistant. (rC+) [Xom's
                  | mischief]
 15894 | D:12     | XOM: scenery: create altars
 15995 | D:13     | XOM: silly message
 16007 | D:13     | XOM: swap monsters
 16010 | D:13     | XOM: fake destruction
 16017 | D:13     | XOM: confusion (+ monsters)
 16074 | D:13     | XOM: god gift: 2 scrolls of amnesia
 16115 | D:13     | Found a gate leading to a gauntlet.
 16127 | Gauntlet | Entered a Gauntlet
 16127 | Gauntlet | Found a transporter.
 16127 | Gauntlet | Found a large runed translucent door.
 16127 | Gauntlet | Found a large runed translucent door.
 16127 | Gauntlet | Found a large runed translucent door.
 16127 | Gauntlet | Found a large runed translucent door.
 16127 | Gauntlet | Found a runed translucent door.
 16127 | Gauntlet | Found a runed translucent door.
 16127 | Gauntlet | Found a large runed translucent door.
 16127 | Gauntlet | Found a large runed translucent door.
 16127 | Gauntlet | Found a large runed translucent door.
 16127 | Gauntlet | Found a large runed translucent door.
 16127 | Gauntlet | Found a large runed translucent door.
 16127 | Gauntlet | Found a large runed translucent door.
 16128 | Gauntlet | Found a large runed translucent door.
 16128 | Gauntlet | Found a large runed translucent door.
 16140 | Gauntlet | Found a transporter.
 16150 | Gauntlet | Found a large runed translucent door.
 16150 | Gauntlet | Found a large runed translucent door.
 16153 | Gauntlet | Found a runed translucent gate.
 16153 | Gauntlet | Found a runed translucent gate.
 16153 | Gauntlet | Found a runed translucent gate.
 16155 | Gauntlet | Found a transporter.
 16157 | Gauntlet | Found a transporter.
 16180 | Gauntlet | Found a transporter.
 16185 | Gauntlet | Found a transporter.
 16200 | Gauntlet | Found a transporter.
 16219 | Gauntlet | Found a transporter.
 16231 | Gauntlet | Found a transporter.
 16237 | Gauntlet | Found a transporter.
 16255 | Gauntlet | Found a transporter.
 16267 | Gauntlet | Found a transporter.
 16272 | Gauntlet | Found a transporter.
 16272 | Gauntlet | Found a transporter.
 16289 | Gauntlet | Found a transporter.
 16299 | Gauntlet | Noticed a death ooze
 16300 | Gauntlet | Found the ring of Shadows {Umbra +Inv Stlth+}
 16313 | Gauntlet | Found a transporter.
 16333 | Gauntlet | Found a transporter.
 16352 | Gauntlet | Found a large runed translucent door.
 16353 | Gauntlet | Found a large runed translucent door.
 16376 | Gauntlet | XOM: chaos upgrade
 16389 | Gauntlet | Found a transporter.
 16452 | Gauntlet | XOM: polymorph rime drake -> something unseen
 16530 | Gauntlet | Learned a level 3 spell: Regeneration
 16563 | Gauntlet | XOM: mild Summ miscast
 16637 | Gauntlet | Noticed a minotaur
 16650 | Gauntlet | XOM: confusion (+ monsters)
 16664 | Gauntlet | Killed a minotaur
 16705 | Gauntlet | Identified Sif Muna's Tome of Lethal Air
 16705 | Gauntlet | Identified the Papyrus of Calling and Enchantment
 16825 | D:13     | Reached skill level 1 in Charms
 16828 | D:13     | Reached skill level 1 in Necromancy
 16899 | D:13     | XOM: draining
 17188 | D:13     | XOM: harmless Ice miscast
 17247 | D:13     | Noticed a sphinx
 17311 | D:13     | XOM: give mutation
 17311 | D:13     | Gained mutation: Your flesh is cold resistant. (rC+) [Xom's
                  | mischief]
 17356 | D:13     | XOM: polymorph big kobold -> unseen horror
 17409 | D:13     | XOM: enchant monster (bad)
 17410 | D:13     | XOM: stat loss: -1 Str (18/19)
 17532 | D:12     | XOM: harmless Tmut miscast
 17663 | D:13     | XOM: enchant monster (good)
 17670 | D:13     | Noticed a minotaur
 17680 | D:13     | Killed a minotaur
 17791 | Orc:1    | Entered Level 1 of the Orcish Mines
 17895 | Orc:2    | Entered Level 2 of the Orcish Mines
 17895 | Orc:2    | Noticed an orc warlord
 17914 | Orc:1    | XOM: potion effect (experience)
 17914 | Orc:1    | Mutation became permanent: Your large and strong wings let
                  | you fly indefinitely. [Gargoyle growth]
 17914 | Orc:1    | Gained mutation: Your large and strong wings let you fly
                  | indefinitely. [Gargoyle growth]
 17914 | Orc:1    | Reached XP level 14. HP: 48/75 MP: 20/20
 17942 | Orc:1    | XOM: cast spell 'Ring of Flames'
 17966 | Orc:1    | Killed an orc warlord
 18002 | Orc:2    | XOM: summons 3 friendly demons
 18125 | Orc:1    | XOM: confuse monster(s)
 18175 | Orc:2    | Noticed a stone giant
 18186 | Orc:1    | Slain by an orc warrior

Skill      XL: |  1  2  3  4  5  6  7  8  9 10 11 12 13 14 |
---------------+-------------------------------------------+-----
Stealth        | 1 3 4 6 |  6.1
Polearms       | 3 4 5 6 7 8 9 |  9.2
Conjurations   | 3 |  3.9
Fire Magic     | 2 |  2.0
Spellcasting   | 3 4 |  4.6
Poison Magic   | 1 |  1.6
Dodging        | 4 8 |  8.2
Axes           | 3 7 |  7.5
Fighting       | 6 8 |  8.0
Maces & Flails | 1 9 11 | 11.0
Shields        | 4 |  4.4
Armour         | 5 8 9 |  9.8
Charms         | 1 |  1.6
Necromancy     | 1 |  1.4

Action                   |  1- 3 |  4- 6 |  7- 9 | 10-12 | 13-15 || total
-------------------------+-------+-------+-------+-------+-------++-------
Melee: Spear             |   102 |   205 |   142 |       |       ||   449
       Whip              |       |     1 |       |   916 |   340 ||  1257
       War axe           |       |       |   272 |   128 |    13 ||   413
       Kick              |       |       |       |   382 |   114 ||   496
       Halberd           |       |       |       |    34 |       ||    34
       Battleaxe         |       |       |       |    14 |       ||    14
       Trident           |       |       |       |       |     9 ||     9
 Fire: Hunting sling     |       |    14 |    19 |       |       ||    33
       Blowgun           |       |       |       |     8 |     3 ||    11
Throw: Tomahawk          |       |       |       |    12 |       ||    12
 Cast: Conjure Flame     |       |       |     5 |    16 |     1 ||    22
       Mephitic Cloud    |       |       |     3 |     8 |     1 ||    12
       Searing Ray       |       |       |       |    24 |       ||    24
       Regeneration      |       |       |       |       |    10 ||    10
 Abil: Fly               |       |       |       |     1 |       ||     1
Evoke: Wand              |       |       |     1 |    12 |     1 ||    14
       Sack of spiders   |       |       |       |     4 |       ||     4
       Lightning rod     |       |       |       |       |     3 ||     3
  Use: Scroll            |     1 |     7 |     7 |     6 |     3 ||    24
       Potion            |       |     3 |     4 |     4 |     5 ||    16
 Stab: Sleeping          |     2 |     3 |    10 |     3 |     1 ||    19
       Paralysed         |       |     2 |     2 |     6 |       ||    10
       Confused          |       |     4 |     2 |     4 |    11 ||    21
       Petrifying        |       |     1 |     1 |       |       ||     2
       Petrified         |       |       |     4 |     2 |       ||     6
       Distracted        |       |       |       |     4 |       ||     4
  Eat: Chunk             |       |     5 |    14 |     7 |     4 ||    30
       Ration            |       |     1 |       |     8 |     1 ||    10
Armor: Leather armour    |    23 |    66 |   134 |   183 |       ||   406
       Scale mail        |       |       |       |    80 |    80 ||   160
       Chain mail        |       |       |       |       |     5 ||     5
Dodge: Dodged            |    38 |    93 |   189 |   433 |   211 ||   964
Block: Buckler           |       |       |       |    47 |    27 ||    74
       Reflection        |       |       |       |       |     4 ||     4
